 Dungeon Sprint DCSS version 0.30-a0-1016-gfb0d676c02 (webtiles) character file.

Game seed: 1017822250302992188

6734 rocky1 the Eclecticist (level 10, -12/50 HPs)
             Began as a Deep Elf Earth Elementalist on Apr 7, 2023.
             Was the Champion of Sif Muna.
             Mangled by a tyrant leech (29 damage)
             ... in the Dungeon (Sprint III: "The Ten Rune Challenge").
             The game lasted 00:12:10 (2591 turns).

rocky1 the Eclecticist (DEEE)                       Turns: 2591, Time: 00:12:11

Health: -12/50     AC:  2    Str:  5    XL:     10   Next: 75%
Magic:  25/34      EV: 18    Int: 25    God:    Sif Muna [******]
Gold:   2093       SH:  0    Dex: 15    Spells: 32/45 levels left

rFire   . . .      SeeInvis .    h - +2 dagger (protect)
rCold   . . .      Faith    .    (no shield)
rNeg    . . .      Spirit   .    a - +0 robe
rPois   .          Reflect  .    (no helmet)
rElec   .          Rampage  .    (no cloak)
rCorr   .          NoTele   +    (no gloves)
Will    +....                    (no boots)
Stlth   ++                       (no amulet)
HPRegen 0.28/turn                (no ring)
MPRegen 0.24/turn                (no ring)

@: no status effects
A: wild magic 1
a: Renounce Religion, Channel Magic, Forget Spell, Divine Exegesis


You were in the Dungeon.
You worshipped Sif Muna.
Sif Muna was exalted by your worship.
You visited 1 branch You collected 2224 gold pieces.
You spent 131 gold pieces at shops.

Inventory:

Hand Weapons
 h - a +2 dagger of protection (weapon)
 o - a +4 long sword of holy wrath
Missiles
 d - 4 atropa-tipped darts
Armour
 a - a +0 robe (worn)
Wands
 p - a wand of charming (14)
Scrolls
 e - a scroll of blinking
 j - a scroll of poison
 k - a scroll of identify
 m - a scroll of immolation
Potions
 b - 2 potions of magic
 c - 2 potions of curing
 f - a potion of berserk rage
 i - a potion of invisibility
 l - 2 potions of flight
 n - 6 potions of mutation
Miscellaneous
 q - a lightning rod (4/4)


   Skills:
 + Level 12.2 Dodging
 - Level 2.4 Stealth
 * Level 18.1 Spellcasting
 + Level 10.6 Conjurations
 - Level 1.1 Transmutations
 * Level 15.7 Earth Magic
 + Level 9.8 Invocations
 - Level 4.9 Evocations


You had 32 spell levels left.
You knew the following spells:

 Your Spells              Type           Power      Damage    Failure   Level
a - Sandblast             Erth           100%       2d20      1%          1
b - Stone Arrow           Conj/Erth      100%       3d13      1%          3
c - Lee's Rapid Deconstr  Erth           46%        3d22*     1%          5
d - Iskenderun's Mystic   Conj/Tloc      59%        2d12      4%          4

Your spell library contained the following spells:

 Spells                   Type           Power      Damage    Failure   Level
 Passwall                 Tmut/Erth      59%        N/A       1%          2
 Dazzling Flash           Conj/Hex       100%       N/A       1%          3
 Petrify                  Tmut/Erth      71%        N/A       1%          4
 Mephitic Cloud           Conj/Pois/Air  51%        N/A       3%          3
 Borgnjor's Vile Clutch   Necr/Erth      34%        N/A       4%          5
 Poisonous Vapours        Pois/Air       58%        N/A       5%          2
 Scorch                   Fire           58%        2d7       5%          2
 Ignite Poison            Fire/Tmut/Pois 31%        N/A       9%          3
 Call Canine Familiar     Summ           29%        N/A       10%         3
 Vampiric Draining        Necr           29%        2d8       10%         3
 Volatile Blastmotes      Fire/Tloc      58%        2d14      10%         3
 Arcjolt                  Conj/Air       29%        1d39      11%         5
 Freezing Cloud           Conj/Ice/Air   25%        6-21      21%         5
 Anguish                  Hex/Necr       14%        N/A       30%         4
 Starburst                Conj/Fire      29%        6d9       45%         6
 Alistair's Intoxication  Tmut/Pois      21%        N/A       52%         5
 Lehudib's Crystal Spear  Conj/Erth      43%        10d10     63%         8
 Shatter                  Erth           46%        3d35*     99%         9
 Storm Form               Tmut/Air       16%        N/A       100%        7
 Necromutation            Tmut/Necr      16%        N/A       100%        8
 Dragon's Call            Summ           14%        N/A       100%        9
 Fire Storm               Conj/Fire      29%        8d8       100%        9


Dungeon Overview and Level Annotations

Branches:
Dungeon (1/1)

Altars:
Cheibriados
Dithmenos
Elyvilon
Fedhas
Gozag
Hepliaklqana
Kikubaaqudgha
Makhleb
Nemelex Xobeh
Okawaru
Qazlal
Ru
Sif Muna
Trog
Uskayaw
Vehumet
Wu Jian
Xom
Yredelemnul
Zin
The Shining One
Jiyva
Lugonu

Shops:
D *


Innate Abilities, Weirdness & Mutations

Your spells are a little harder to cast, but a little more powerful.


Message History

The tyrant leech closely misses you.
Aiming: Stone Arrow (safe; 1% risk of failure)
Press: ? - help, Q - select action, (/) - cycle Shift-Dir - straight line, f/p - tyrant leech
Aim: a tyrant leech (severely wounded, 63% to hit)
The stone arrow hits the tyrant leech.
The tyrant leech is almost dead.
The tyrant leech bites you.
The tyrant leech draws strength from your injuries!
Aiming: Stone Arrow (safe; 1% risk of failure)
Press: ? - help, Q - select action, (/) - cycle Shift-Dir - straight line, f/p - tyrant leech
Aim: a tyrant leech (severely wounded, 63% to hit)
The stone arrow hits the tyrant leech!!
You kill the tyrant leech!
Sif Muna accepts your kill.
You start resting.
HP restored.
You start resting.
Magic restored.
A tyrant leech comes into view.
Aiming: Stone Arrow (safe; 1% risk of failure)
Press: ? - help, Q - select action, (/) - cycle Shift-Dir - straight line, f - tyrant leech
Aim: a tyrant leech (63% to hit)
The stone arrow hits the tyrant leech!!
The tyrant leech is heavily wounded.
Aiming: Stone Arrow (safe; 1% risk of failure)
Press: ? - help, Q - select action, (/) - cycle Shift-Dir - straight line, f/p - tyrant leech
Aim: a tyrant leech (heavily wounded, 63% to hit)
The stone arrow hits the tyrant leech!
The tyrant leech is almost dead.
The tyrant leech bites you!!
Ouch! That really hurt!
The tyrant leech draws strength from your injuries!
Aiming: Stone Arrow (safe; 1% risk of failure)
Press: ? - help, Q - select action, (/) - cycle Shift-Dir - straight line, f/p - tyrant leech
Aim: a tyrant leech (heavily wounded, 63% to hit)
The stone arrow hits the tyrant leech!
The tyrant leech is almost dead.
The tyrant leech bites you!!
Ouch! That really hurt!
You die...

~§≈≈~~≈ ♣.....♣♣♣♣~~~........~~~.
~~~≈~.~♣♣.≈≈≈≈'♣♣'♣≈≈≈≈≈≈≈≈≈≈≈≈♣♣
≈§§~≈~≈†'.....#.~♣♣♣♣♣♣♣♣♣♣♣♣♣♣♣♣
~§~~~≈≈♣♣♣♣♣♣♣#..♣♣ ♣ ≈~≈≈≈≈≈
###'♣ #+##### ♣♣♣♣.# ♣...## ♣♣.##
♣.@# ♣♣w# ♣.# ... ####


You could see a tyrant leech.

Vanquished Creatures
  Erolcha (D)
  A deep elf pyromancer (D)
  An orc knight (D)
  2 cane toads (D)
  A rime drake (D)
  A komodo dragon (D)
  3 wandering mushrooms (D)
  5 blink frogs (D)
  A tyrant leech (D)
  A shadow (D)
  3 redbacks (D)
  A spatial vortex (D)
  3 orc warriors (D)
  A swamp drake (D)
  5 two-headed ogres (D)
  A necrophage (D)
  A water elemental (D)
  2 orc priests (D)
  A jelly (D)
  A wizard (D)
  Jessica (D)
  A necromancer (D)
  2 orc wizards (D)
  3 humans (D)
  A kobold demonologist (D)
  A wolf (D)
  10 orcs (D)
  An endoplasm (D)
  2 rats (D)
58 creatures vanquished.

Notes
Turn   | Place    | Note
-------+----------+-------------------------------------------
     0 | D        | rocky1 the Deep Elf Earth Elementalist began the quest for
                  | the Orb.
     0 | D        | Reached XP level 1. HP: 10/10 MP: 6/6
    44 | D        | Noticed Jessica
    51 | D        | Killed Jessica
    52 | D        | Reached skill level 5 in Spellcasting
    52 | D        | Reached skill level 5 in Earth Magic
    52 | D        | Reached XP level 2. HP: 8/15 MP: 1/10
    53 | D        | Reached XP level 3. HP: 11/19 MP: 0/12
   148 | D        | Learned a level 3 spell: Stone Arrow
   176 | D        | Reached skill level 6 in Spellcasting
   176 | D        | Reached skill level 1 in Conjurations
   223 | D        | Gained mutation: You are strong-willed. (Will+) [potion of
                  | mutation]
   223 | D        | Lost mutation: You are strong-willed. (Will+) [potion of
                  | mutation]
   223 | D        | Gained mutation: Your spells are a little harder to cast,
                  | but a little more powerful. [potion of mutation]
   251 | D        | Noticed a water elemental
   253 | D        | Killed a water elemental
   254 | D        | Reached skill level 5 in Dodging
   254 | D        | Reached skill level 8 in Spellcasting
   254 | D        | Reached XP level 4. HP: 24/24 MP: 12/16
   383 | D        | Found a radiant altar of Vehumet.
   383 | D        | Found a shimmering blue altar of Sif Muna.
   383 | D        | Found an ancient bone altar of Kikubaaqudgha.
   383 | D        | Noticed a wizard
   385 | D        | Killed a wizard
   386 | D        | Reached XP level 5. HP: 25/28 MP: 15/18
   421 | D        | Became a worshipper of Sif Muna the Loreminder
   432 | D        | Found a glowing silver altar of Zin.
   432 | D        | Found a glowing golden altar of the Shining One.
   432 | D        | Found a white marble altar of Elyvilon.
   433 | D        | Noticed a deep elf pyromancer
   435 | D        | Killed a deep elf pyromancer
   436 | D        | Reached skill level 11 in Spellcasting
   436 | D        | Reached skill level 5 in Conjurations
   436 | D        | Reached skill level 10 in Earth Magic
   436 | D        | Reached XP level 6. HP: 28/32 MP: 16/22
   436 | D        | Reached XP level 7. HP: 32/36 MP: 17/24
   471 | D        | Found a hide-covered altar of Uskayaw.
   471 | D        | Found an iron altar of Okawaru.
   471 | D        | Found a bloodstained altar of Trog.
   471 | D        | Found an ornate altar of the Wu Jian Council.
   471 | D        | Noticed a human
   471 | D        | Noticed a human
   477 | D        | Killed a human
   478 | D        | Reached skill level 12 in Spellcasting
   479 | D        | Killed a human
   479 | D        | Reached * piety under Sif Muna
   480 | D        | Reached skill level 5 in Invocations
   617 | D        | Found a basalt altar of Yredelemnul.
   617 | D        | Found a shadowy altar of Dithmenos.
   617 | D        | Found a sacrificial altar of Ru.
   676 | D        | Reached ** piety under Sif Muna
   676 | D        | Noticed a shadow
   677 | D        | Killed a shadow
   678 | D        | Reached skill level 13 in Spellcasting
   678 | D        | Reached XP level 8. HP: 41/41 MP: 20/27
   834 | D        | Found a blossoming altar of Fedhas.
   834 | D        | Found a stormy altar of Qazlal.
   834 | D        | Found a snail-covered altar of Cheibriados.
   834 | D        | Found a burning altar of Makhleb.
   834 | D        | Found a shimmering altar of Xom.
   835 | D        | Found a hazy altar of Hepliaklqana.
   835 | D        | Found an opulent altar of Gozag.
   835 | D        | Found a sparkling altar of Nemelex Xobeh.
   835 | D        | Found a corrupted altar of Lugonu.
   835 | D        | Found a viscous altar of Jiyva.
   893 | D        | Reached *** piety under Sif Muna
  1032 | D        | Noticed an orc knight
  1221 | D        | Killed an orc knight
  1221 | D        | Reached **** piety under Sif Muna
  1222 | D        | Reached skill level 14 in Spellcasting
  1233 | D        | Reached XP level 9. HP: 40/45 MP: 3/29
  1255 | D        | Reached ***** piety under Sif Muna
  1286 | D        | Received a gift from Sif Muna
  1289 | D        | Found Muclyida's General Store.
  1328 | D        | Got Baevogai's Dissertation on Pneumatic Topomancy {god
                  | gift}
  1351 | D        | Bought a scroll of identify for 20 gold pieces
  1351 | D        | Bought 4 atropa-tipped darts for 36 gold pieces
  1351 | D        | Bought a scroll of blinking for 75 gold pieces
  1427 | D        | Reached skill level 10 in Dodging
  1443 | D        | Noticed a two-headed ogre
  1446 | D        | Killed a two-headed ogre
  1447 | D        | Reached skill level 15 in Spellcasting
  1453 | D        | Learned a level 5 spell: Lee's Rapid Deconstruction
  1501 | D        | Noticed Erolcha
  1501 | D        | Noticed a two-headed ogre
  1506 | D        | Killed a two-headed ogre
  1506 | D        | Killed Erolcha
  1507 | D        | Received a gift from Sif Muna
  1509 | D        | Reached skill level 16 in Spellcasting
  1511 | D        | Got Sif Muna's Volume of the Shot {god gift}
  1665 | D        | Learned a level 4 spell: Iskenderun's Mystic Blast
  1666 | D        | Noticed a wandering mushroom
  1674 | D        | Killed a wandering mushroom
  1675 | D        | Reached XP level 10. HP: 50/50 MP: 28/32
  1875 | D        | Noticed a cane toad
  1875 | D        | Noticed a cane toad
  1880 | D        | Killed a cane toad
  1880 | D        | Received a gift from Sif Muna
  1881 | D        | Reached skill level 17 in Spellcasting
  1882 | D        | Killed a cane toad
  1883 | D        | Reached skill level 10 in Conjurations
  1988 | D        | Got Sif Muna's Reference Book on the Volcano and
                  | Permutations {god gift}
  2095 | D        | Reached ****** piety under Sif Muna
  2096 | D        | Reached skill level 15 in Earth Magic
  2306 | D        | Received a gift from Sif Muna
  2309 | D        | Got Sif Muna's Dissertation on Called Necromancy {god gift}
  2345 | D        | Reached skill level 18 in Spellcasting
  2591 | D        | Mangled by a tyrant leech

Illustrated notes

Levels and vault maps discovered:
D:        dungeon_sprint_mu [sprint_mu_entry_forest, sprint_mu_temple_rooms,
          sprint_mu_d1_spiders, sprint_mu_d2_genie, sprint_mu_d3_branching,
          sprint_mu_orc_legion, sprint_mu_elf_gauntlet, sprint_mu_hive_nellie,
          sprint_mu_lair_fedhas, sprint_mu_vaults_butterflies,
          sprint_mu_slime_circle, sprint_mu_swamp_cave, sprint_mu_shoals_archi,
          sprint_mu_blade_basic, sprint_mu_crypt_chambers,
          sprint_mu_tomb_spiral, sprint_mu_vestibule_basic,
          sprint_mu_gehenna_hellfire, sprint_mu_dis_giant,
          sprint_mu_tartarus_statrot, sprint_mu_cocytus_islands, sprint_mu_zot1]

Skill      XL: |  1  2  3  4  5  6  7  8  9 10 |
---------------+-------------------------------+-----
Dodging        | 3 4 5 7 8 9 11 12 | 12.2
Spellcasting   | 5 8 11 13 14 16 18 | 18.1
Earth Magic    | 5 7 10 11 12 14 15 | 15.7
Conjurations   | 2 3 5 7 8 9 10 | 10.6
Invocations    | 4 5 7 8 9 |  9.8
Evocations     | 2 4 |  4.9
Stealth        | |  2.4
Transmutations | |  1.1

Action                     |  1- 3 |  4- 6 |  7- 9 | 10-12 || total
---------------------------+-------+-------+-------+-------++-------
   Cast: Sandblast         |    18 |     7 |     4 |       ||    29
         Stone Arrow       |       |       |    56 |    40 ||    96
         Lee's Rapid Decon |       |       |     4 |       ||     4
 Invoke: Channel Magic     |       |       |     2 |       ||     2
  Evoke: Lightning rod     |       |       |     1 |       ||     1
    Use: Potion            |     1 |       |     3 |       ||     4
         Scroll            |       |       |     5 |       ||     5
  Dodge: Dodged            |     4 |     1 |    15 |    11 ||    31

Table legend: (Time is in decaauts)
 A = Elapsed time spent in this place.
 B = Non-inter-level travel time spent in this place.
 C = Inter-level travel time spent in this place.
 D = Time resting spent in this place.
 E = Time spent auto-exploring this place.
 F = Levels seen in this place.
 G = Mean time per level.
                   A        B        C        D        E       F      G
               +--------+--------+--------+--------+--------+-----+--------+
         Total |   2595 |   2595 |      0 |   1845 |      0 |   1 | 2595.0 |
       Dungeon |   2595 |   2595 |      0 |   1845 |      0 |   1 | 2595.0 |
               +--------+--------+--------+--------+--------+-----+--------+

Top non-repeatable levels by time:
       D: 2595 daAuts
